 Dungeon Crawl Stone Soup version 0.28.0 (webtiles) character file.

Game seed: 562632669879803534

67 Pennybags the Cudgeller (level 3, -2/34 HPs)
             Began as a Minotaur Berserker on Feb 10, 2022.
             Was a Believer of Trog.
             Slain by a gnoll (7 damage)
             ... on level 2 of the Dungeon.
             The game lasted 00:11:11 (1710 turns).

Pennybags the Cudgeller (Minotaur Berserker)        Turns: 1710, Time: 00:11:12

Health: -2/34      AC:  2    Str: 23    XL:     3   Next: 98%
Magic:  2/2        EV: 12    Int:  4    God:    Trog [**....]
Gold:   100        SH:  0    Dex:  9    Spells: 2/2 levels left

rFire   . . .      SeeInvis .   a - +0 mace
rCold   . . .      Faith    .   (no shield)
rNeg    . . .      Spirit   .   b - +0 animal skin
rPois   .          Reflect  .   (helmet restricted)
rElec   .          Harm     .   (no cloak)
rCorr   .          Rampage  .   (no gloves)
Will    .....                   (no boots)
Stlth   +.........              (no amulet)
HPRegen 0.11/turn               (no ring)
MPRegen 0.08/turn               (no ring)

@: no status effects
A: horns 2, retaliatory headbutt
a: Renounce Religion, Berserk, Trog's Hand


You were on level 2 of the Dungeon.
You worshipped Trog.
Trog was pleased with you.
You visited 1 branch of the dungeon, and saw 2 of its levels.

You collected 100 gold pieces.

Inventory:

Hand Weapons
 a - a +0 mace (weapon)
 c - a +0 long sword
 d - a +0 hunting sling
Missiles
 e - 79 stones
Armour
 b - a +0 animal skin (worn)


   Skills:
 + Level 4.5 Fighting
 + Level 4.7 Maces & Flails
 + Level 2.7 Armour
 + Level 2.7 Dodging
 + Level 0.2 Stealth


You had 2 spell levels left.
You didn't know any spells.
Your spell library was empty.

Dungeon Overview and Level Annotations

Branches:
Dungeon (2/15)

Altars:


Innate Abilities, Weirdness & Mutations

You have a pair of horns on your head.
You reflexively headbutt those who attack you in melee.


Message History

The adder bites you. The adder misses you.
You hit the adder.
You kill the adder!
Trog accepts your kill.
You hit the goblin but do no damage. The goblin misses you.
The gnoll closely misses you. The goblin barely misses you.
You thump the goblin!
You kill the goblin!
Trog accepts your kill. The gnoll barely misses you.
The gnoll hits you with a +0 spear.
Things that are here:
a +0 club; an adder corpse You hit the gnoll but do no damage.
Your headbutt misses the gnoll. The gnoll hits you with a +0 spear.
You hit the gnoll but do no damage. The gnoll hits you with a +0 spear. x2
You are too injured to fight recklessly!
You are too injured to fight recklessly!
You are too injured to fight recklessly!
You are too injured to fight recklessly!
You closely miss the gnoll.
A gnoll comes into view. It is wielding a +0 flail.
The gnoll hits you with a +0 spear!
* * * LOW HITPOINT WARNING * * *
You sock the gnoll!
The gnoll is severely wounded.
The gnoll closely misses you.
Okay, then.
Okay, then.
You closely miss the gnoll.
The gnoll is severely wounded.
The gnoll hits you with a +0 spear.
* * * LOW HITPOINT WARNING * * *
You closely miss the gnoll.
The gnoll is severely wounded.
You sock the gnoll!
The gnoll is severely wounded.
A gnoll comes into view. It is wielding a +0 flail.
The gnoll hits you from afar with a +0 spear!
You die...

##### ## #.... .. #.#.# ####.
#.... g.#. #.#.# #g. #.... ##
#g## #.#.# . #@######## #.... #.
#.#.......#####.#.# #.###
#.##.#####.##....... #...#
#.###.##.........##.# ###.#
#...##.##..........### ####รท####
#...##.##.##.#..#..# ........#
#...##.......#..#..###
#.#..##.####...#####.##....#..#..
#.#..##....).......#.##.#.##..#..


You could see 3 gnolls.

Vanquished Creatures
  3 adders (D:2)
  An ufetubus (D:2)
  A dart slug (D:1)
  3 bats
  2 endoplasms
  2 goblins
  A hobgoblin (D:1)
  8 jackals
  A quokka (D:1)
  2 ball pythons (D:2)
  A frilled lizard (D:1)
  6 kobolds
  3 rats (D:1)
34 creatures vanquished.

Notes
Turn   | Place    | Note
-------+----------+-------------------------------------------
     0 | D:1      | Pennybags the Minotaur Berserker began the quest for the
                  | Orb.
     0 | D:1      | Reached XP level 1. HP: 19/19 MP: 0/0
   112 | D:1      | Found a faded altar of an unknown god.
   194 | D:1      | Reached XP level 2. HP: 26/27 MP: 1/1
   889 | D:1      | You fall into a shaft and drop 1 floor!
   900 | D:2      | Reached XP level 3. HP: 14/33 MP: 2/2
  1278 | D:2      | Reached ** piety under Trog
  1710 | D:2      | Slain by a gnoll

Illustrated notes

Levels and vault maps discovered:
D:1:      amcnicky_arrival_abandoned_market, layout_loops_ring,
          hellmonk_ecumenical_altar_arch_garden, fountainhead,
          minmay_misc_feat_rows
D:2:      layout_loops_cross, basic_altar, serial_glass, glass_columns_a,
          glass_columns_a, glass_columns_b, glass_columns_a, glass_columns_b,
          glass_columns_a, chequers_serial_rivers_marsh, uniq_terence

Skill      XL: |  1  2 |
---------------+-------+-----
Maces & Flails | 4 |  4.7
Fighting       | 4 |  4.5
Armour         | |  2.7
Dodging        | |  2.7
Stealth        | |  0.2

Action                   || total
-------------------------++-------
Melee: Mace              ||    77
       Headbutt          ||     9
  Use: Scroll            ||     2
Armor: Animal skin       ||    12
Dodge: Dodged            ||    60
